 Dungeon Crawl Stone Soup version 0.11.0-24-g666f47c (console) character file.

1702120 78291 the Ninja (level 24, 170/170 (178) HPs)
             Began as a Vampire Abyssal Knight on Oct 27, 2012.
             Was a Priest of Lugonu.
             Escaped with the Orb
             ... and 4 runes on Oct 28, 2012!
             The game lasted 06:07:04 (107894 turns).

78291 the Ninja (Vampire Abyssal Knight)          Turns: 107894, Time: 06:07:05

HP 170/170 (178) AC 16     Str  9 (10) XL: 24   Next: 42%
MP  21/37        EV 29     Int 19 (20) God: Lugonu [***...]
Gold 8235        SH 15     Dex 19 (21) Spells: 15 memorised,  1 level left

Res.Fire  : + . .   See Invis. : +   a - +7,+9 orc dagger (distort) {!w}
Res.Cold  : + . .   Warding    : .   f - +1 leather armour "Thuix" {rPois rF+ Str-3 Life Prot.: + + . Conserve : + C - +3 buckler
Res.Poison: +       Res.Corr.  : .   N - +4 helmet "Illob" {MR SInv}
Res.Elec. : .       Clarity    : .   z - +2 cloak {MR}
Sust.Abil.: . .     Spirit.Shd : .   B - +0 pair of gloves of Kleptomania {Str+2 De Res.Mut. : . Stasis : . y - +2 pair of dwarf boots Res.Rott. : + Ctrl.Telep.: x R - amulet of conservation Saprovore : . . . Levitation : + T - ring of sustenance Ctrl.Flight: + k - ring of wizardry

@: regenerating slowly, flying, very slightly contaminated, quick, incredibly
resistant to hostile enchantments, stealthy
A: bottle blood, fangs 3, see invisible, unbreathing, Dex +1
a: Bat Form, Bottle Blood, Depart the Abyss, Bend Space, Banish, Renounce
Religion
}: 4/15 runes: decaying, serpentine, silver, abyssal


You escaped.
You worshipped Lugonu.
Lugonu was greatly pleased with you.
You were very thirsty.

You visited 11 branches of the dungeon, and saw 68 of its levels.
You visited the Abyss 4 times.
You visited 1 bazaar.
You also visited: Labyrinth and Bailey.

You collected 8948 gold pieces.
You spent 733 gold pieces at shops.

Inventory:

Hand weapons
 a - a +7,+9 orcish dagger of distortion (weapon) {!w}
   (You took it off an orc wizard on level 11 of the Dungeon)
 L - the +0,+1 spear of Poverty (quivered) {freeze, -Tele rElec rF++ Str+2}
   (You found it on level 9 of the Dungeon)

   It has been specially enchanted to freeze those struck by it, causing extra
   injury to most foes and up to double damage against particularly susceptible
   opponents.
   It can also slow down cold-blooded creatures.
   It affects your strength (+2).
   It greatly protects you from fire.
   It insulates you from electricity.
   It prevents most forms of teleportation.
Armour
 e - a +2 elven robe of cold resistance
   (You took it off Fannar on level 2 of the Orcish Mines)
 f - the +1 leather armour "Thuix" (worn) {rPois rF+ Str-3}
   (You found it on level 8 of the Vaults)

   It affects your strength (-3).
   It protects you from fire.
   It protects you from poison.
 y - a +2 pair of dwarven boots (worn)
   (You found it on level 3 of the Snake Pit)
 z - a +2 cloak of magic resistance (worn)
   (You found it on level 24 of the Dungeon)
 B - the +0 pair of gloves of Kleptomania (worn) {Str+2 Dex+5}
   (You bought it in a shop on level 5 of the Dungeon)

   It affects your strength (+2).
   It affects your dexterity (+5).
 C - a +3 buckler (worn)
   (You found it on level 8 of the Dungeon)
 N - the +4 helmet "Illob" (worn) {MR SInv}
   (You bought it in a shop on level 5 of the Dungeon)

   It increases your resistance to enchantments.
   It enhances your eyesight.
Magical devices
 g - a wand of teleportation (9)
   (You took it off Nergalle on level 3 of the Orcish Mines)
 h - a wand of hasting (5)
   (You acquired it in the Abyss)
 l - a wand of teleportation (2)
   (You found it on level 6 of the Vaults)
 m - a wand of polymorph other (10)
   (You found it on level 25 of the Dungeon)
 x - a wand of disintegration (8)
   (You found it on level 2 of the Swamp)
 G - a wand of digging (7)
   (You found it on level 8 of the Dungeon)
 M - a wand of fire (5)
   (You found it on level 26 of the Dungeon)
Scrolls
 d - 2 scrolls of blinking
 o - 4 scrolls of fog
 p - a scroll of remove curse
 q - 6 scrolls of teleportation
 r - a scroll of fear
 v - a scroll of magic mapping
Jewellery
 c - an uncursed ring of poison resistance
   (You found it on level 3 of the Dungeon)
 i - the ring of Nasameuph {+Blink MR}
   (You found it on level 8 of the Vaults)

   [ring of protection from magic]

   It lets you blink.
 j - an uncursed ring of regeneration
   (You found it on level 8 of the Vaults)
 k - a ring of wizardry (left hand)
   (You took it off a skeletal warrior on level 4 of the Vaults)
 u - an uncursed ring of fire
   (You found it on level 3 of the Dungeon)
 F - an uncursed ring of teleportation
   (You found it on level 6 of the Dungeon)
 H - an uncursed amulet of resist mutation
   (You found it on level 6 of the Vaults)
 I - an uncursed ring of sustain abilities
   (You found it on level 9 of the Dungeon)
 K - a cursed ring of protection from cold
   (You found it on level 8 of the Lair of Beasts)
 R - an amulet of conservation (around neck)
   (You found it on level 2 of the Lair of Beasts)
 T - a ring of sustenance (right hand)
   (You found it on level 4 of the Lair of Beasts)
Potions
 b - 2 potions of speed
 s - a potion of restore abilities
 t - 2 potions of agility
 w - 5 potions of heal wounds
 A - 4 potions of curing
 O - a potion of invisibility
 Q - a potion of might
Orbs of Power
 n - the Orb of Zot
   (You found it on level 5 of the Realm of Zot)


   Skills:
 - Level 13.3 Fighting
 - Level 9.0 Short Blades
 - Level 0.7 Armour
 + Level 20.1 Dodging
 O Level 27 Stealth
 - Level 15.2 Stabbing
 - Level 5.1 Shields
 - Level 6.3 Traps & Doors
 - Level 12.0 Spellcasting
 - Level 15.0 Hexes
 - Level 11.0 Charms
 - Level 1.1 Summonings
 - Level 2.0 Translocations
 - Level 7.8 Transmutations
 - Level 7.1 Ice Magic
 - Level 6.2 Earth Magic
 - Level 16.0 Invocations
 - Level 4.1 Evocations


You had one spell level left.
You knew the following spells:

 Your Spells              Type           Power        Failure   Level  Hunger
a - Ensorcelled Hibernat  Hex/Ice        #######      1%          2    None
b - Confuse               Hex            #######..    1%          3    None
c - Passwall              Trmt/Erth      ######....   1%          3    None
d - Blink                 Tloc           N/A          1%          2    None
e - Flight                Chrm/Air       #####.....   1%          3    None
f - Petrify               Trmt/Erth      ######...    1%          4    ##.....
g - Regeneration          Chrm/Necr      #####.....   1%          3    None
h - Repel Missiles        Chrm/Air       #####.....   1%          2    None
i - Swiftness             Chrm/Air       #####.....   1%          2    None
j - Apportation           Tloc           ####......   1%          1    None
k - Dig                   Trmt/Erth      ######...    1%          4    ##.....
l - Control Teleport      Chrm/Tloc      ######....   2%          4    ##.....
n - Haste                 Chrm           #######..    4%          6    ######.
P - Invisibility          Hex            #######..    1%          6    ######.
U - Summon Butterflies    Summ           ####.....    1%          1    None


Dungeon Overview and Level Annotations

Branches:
Dungeon (27/27)            Temple (1/1) D:6             Orc (4/4) D:11
    Elf (3/3) Orc:3          Lair (8/8) D:12          Swamp (5/5) Lair:3
  Snake (5/5) Lair:5        Slime (0/6) Lair:7       Vaults (8/8) D:16
  Blade (1/1) Vaults:4      Crypt (1/5) Vaults:2        Zot (5/5) D:27

Altars:
Ashenzari
Elyvilon
Fedhas
Kikubaaqudgha
Makhleb
Sif Muna
Trog
Vehumet
Xom
Zin
Jiyva
Lugonu

Shops:
D:5: [ D:8: + D:10: ( D:11: ( D:12: * D:15: [ D:16: + Orc:1: ( Orc:2: ( Orc:3: [ Orc:4: (%(++ Vaults:3: % Vaults:5: [( Abyss: ((

Portals:
Dungeon:
Abyss
Hell: D:21 D:22 D:23 D:24 D:25 D:26 D:27
Abyss: D:22 D:25
Pandemonium: D:23 D:24
Trove: Vaults:2 (show slimy rune of Zot)

Annotations
D:3 exclusion: door
D:4 exclusion: ogre
D:5 1 exclusion
D:7 exclusion: oklob plant
D:8 exclusion: door
D:14 Nikola, Rupert
D:21 Margery
Lair:6 exclusion: 2 death yaks
Swamp:5 Mennas Blade Xtahua
Crypt:1 Mara
Abyss Agnes, Aizul


Innate Abilities, Weirdness & Mutations

You heal slowly.
You can bottle blood from corpses.
You have razor-sharp teeth.*
You have supernaturally acute eyesight.
You can survive without breathing.*
You are agile (Dex +1).


Message History

There is a stone staircase leading up here.
You fly upwards.
You sense a powerful magical force warping space.
There is a stone staircase leading down here.
Casting: Flight
Confirm with . or Enter, or press ? or * to list all spells.
You feel quick.
Casting: Swiftness
Confirm with . or Enter, or press ? or * to list all spells.
Aiming: Dig
Press: ? - help, Shift-Dir - straight line, f - you The rock liquefies and sinks out of sight.
A kobold comes into view. It is wielding a short sword.
The kobold throws a club.
The club misses you.
There is a staircase leading out of the dungeon here.
Are you sure you want to win?
The kobold throws a dart.
The dart misses you.
You have escaped!

#.......#.# #.#
#.......#.###########.######## #
#.......#..................... #
#..............###############
############....###...K.####
............%..##.....#....#####
############..##....####.<.....##
.(............#...### ##....##...
############..#(V.#####.......##.
#..#.....#.....##..##.
#..##......<..####....
#...#........## ####.
#.#.#.....#### ## #.#..#..### #
############.#..#################
.................................
############.###########.########


You could see a kobold.

Vanquished Creatures
  the Lernaean hydra (Swamp:5)
  2 hellephants (Abyss)
  2 tentacled monstrosities
  A titan (D:27)
  8 storm dragons
  2 liches
  Kirke (D:17)
  3 sphinxes
  2 ghost moths
  Donald (Orc:3)
  An azure jelly (Vaults:7)
  5 frost giants
  A draconian knight (Zot:3)
  Wiglaf (Blade)
  2 draconian zealots (Zot:3)
  25 stone giants
  2 draconian shifters (Zot:2)
  5 fire giants
  A draconian annihilator (Zot:2)
  3 grey draconians (Zot:3)
  A green draconian (Vaults:4)
  2 deep elf annihilators
  4 dire elephants (Abyss)
  3 black draconians
  2 mottled draconians
  Azrael (Elf:1)
  A deep elf death mage (Vaults:6)
  3 salamanders (Snake:5)
  50 yaktaur captains
  8 ettins
  Snorg (D:15)
  A minotaur (Lab)
  A great orb of eyes (D:24)
  A dragon (shapeshifter) (Elf:1)
  14 vault guards
  9 dragons
  2 death cobs
  5 dancing weapons
  Erica (Lair:2)
  A ravenous feature mimic (D:19)
  2 ice dragons
  3 lorocyprocas (D:21)
  18 hydras
  10 anacondas
  11 ogre magi
  An anaconda (shapeshifter) (Vaults:8)
  A ravenous item mimic (Abyss)
  3 death yaks (Lair:4)
  Fannar (Orc:2)
  5 alligators
  A rakshasa (Vaults:3)
  6 stone giant zombies
  5 very ugly things
  A shadow dragon skeleton (D:24)
  A frost giant zombie (D:20)
  An orc high priest (D:21)
  Nergalle (Orc:3)
  A vapour (D:24)
  A catoblepas (Vaults:6)
  A fire giant skeleton (Vaults:7)
  3 frost giant skeletons
  6 stone giant skeletons
  28 centaur warriors
  3 iron trolls
  A death drake (shapeshifter) (D:23)
  A hell knight (D:21)
  16 skeletal warriors
  7 naga warriors
  9 deep elf knights
  27 deep trolls
  2 statues (D:19)
  8 swamp dragons (Swamp:5)
  7 large abominations
  6 flayed ghosts
  A sea snake (shapeshifter) (D:27)
  9 giant amoebae
  A lindwurm (shapeshifter) (Vaults:8)
  24 orc knights
  4 unseen horrors
  9 hill giants
  8 orc sorcerers
  2 lindwurms (Lair:8)
  A shining eye (shapeshifter) (D:27)
  2 necromancers
  A harpy zombie (Crypt:1)
  A shadow demon (D:21)
  A guardian serpent (shapeshifter) (Vaults:6)
  5 wizards
  A hydra zombie (D:17)
  3 iron troll skeletons
  3 harpies (D:25)
  16 cyclopes
  4 wolf spiders
  A guardian serpent (Snake:5)
  5 griffons
  4 red wasps
  A harpy skeleton (D:19)
  6 spiny worms
  3 phantasmal warriors
  6 moths of wrath
  A hydra skeleton (Vaults:2)
  4 fire crabs
  An ettin zombie (Vaults:5)
  A minotaur skeleton (Crypt:1)
  A moth of wrath (shapeshifter) (D:25)
  10 elephants
  A queen ant (Lair:3)
  A catoblepas skeleton (Crypt:1)
  81 slime creatures
  19 spiny frogs
  2 sixfirhies
  A fire giant simulacrum (Vaults:5)
  A cyclops (shapeshifter) (D:24)
  57 yaktaurs
  A slime creature (shapeshifter) (D:27)
  3 feature mimics
  An orange demon (D:21)
  An eye of devastation (D:15)
  An ettin skeleton (Vaults:6)
  36 black mambas
  A dragon skeleton (Vaults:2)
  2 spiny worm zombies
  3 demonic crawlers (D:27)
  14 rock trolls
  12 naga magi
  13 trolls
  An efreet (Abyss)
  3 komodo dragons
  106 ugly things
  A mermaid (shapeshifter) (Vaults:5)
  A spriggan (D:10)
  4 smoke demons (Abyss)
  2 hill giant skeletons
  3 rock troll zombies
  3 spriggans (shapeshifter)
  A deep troll zombie (Vaults:4)
  5 baby alligators
  A baby alligator (shapeshifter) (D:23)
  A giant leech (shapeshifter) (Vaults:8)
  6 bog bodies
  7 giant leeches
  24 two-headed ogres
  2 draconians (shapeshifter)
  6 giant fireflies (Lair:8)
  15 blink frogs
  A jumping spider (Lair:3)
  9 basilisks
  2 red wasp simulacra
  A blink frog zombie (D:13)
  2 vampires
  5 hogs (D:17)
  A wraith (D:17)
  8 fire elementals
  8 deep elf conjurers
  2 sharks (Snake:1)
  2 hungry ghosts
  A ynoxinul (Vaults:6)
  3 steam dragons
  7 hippogriffs
  Grum (Orc:3)
  2 trapdoor spiders (D:16)
  A neqoxec (Abyss)
  30 yaks
  4 redbacks
  6 rock worms
  A fire drake (Lair:8)
  5 fire vortices (D:26)
  47 vampire mosquitoes
  8 deep elf fighters
  13 deep elf summoners
  2 yaktaur zombies
  7 soldier ants
  4 mottled dragons
  20 war dogs
  8 manticores
  3 merfolk (shapeshifter)
  A cyclops zombie (Crypt:1)
  A hell hound (D:25)
  13 boulder beetles
  43 swamp worms
  2 yaktaur skeletons
  8 necrophages
  A black bear (shapeshifter) (Vaults:2)
  A mermaid skeleton (Crypt:1)
  22 giant goldfish
  A draconian skeleton (Crypt:1)
  9 freezing wraiths
  8 small abominations
  2 yellow wasps (D:13)
  A yellow wasp (shapeshifter) (Vaults:8)
  7 deep elf priests
  16 humans (D:19)
  54 ogres
  A yak zombie (D:12)
  A boulder beetle zombie (D:21)
  67 nagas
  An ice beast (D:11)
  2 rotting devils
  A black bear (Lair:4)
  51 orc warriors
  8 swamp drakes
  15 crocodiles
  An elf skeleton (Crypt:1)
  2 sky beasts
  6 boring beetles
  A warg (shapeshifter) (D:26)
  A bear skeleton (Crypt:1)
  3 brain worms (Lair:8)
  41 centaurs
  10 wargs
  33 giant frogs
  6 lava worms (D:22)
  A wolf (Lair:3)
  12 deep elf magi
  49 water moccasins
  3 giant slugs
  6 big kobolds
  7 agate snails
  15 insubstantial wisps
  A giant frog zombie (D:12)
  A basilisk skeleton (D:14)
  A gnoll sergeant (Orc:4)
  An eye of draining (Vaults:4)
  A water moccasin skeleton (D:8)
  17 jellyfish
  A yak simulacrum (D:16)
  19 killer bees
  A killer bee zombie (D:13)
  19 wights
  A lava fish (D:22)
  A bumblebee simulacrum (D:21)
  2 fire bats (D:12)
  5 electric eels
  8 goliath beetles
  A big kobold zombie (D:13)
  A mottled dragon zombie (D:13)
  3 shadows
  A mottled dragon skeleton (Vaults:2)
  2 big kobold skeletons
  A hound zombie (D:8)
  2 quasits
  A spider (Lair:3)
  11 big fish
  22 hounds
  12 crimson imps
  29 orc priests
  22 orc wizards
  A hound skeleton (D:10)
  An iron imp (Abyss)
  40 worker ants
  A killer bee simulacrum (Vaults:5)
  8 porcupines
  6 iguanas
  4 scorpions
  A naga skeleton (Crypt:1)
  19 deep elf soldiers
  A draconian zombie (Crypt:1)
  23 sheep
  6 boggarts
  12 jellies
  Terence (Abyss)
  14 gnolls
  46 green rats
  3 lemures (Abyss)
  49 adders
  5 giant centipedes
  2 giant centipede zombies
  A scorpion zombie (D:7)
  4 white imps
  6 giant mites
  An inept item mimic (D:2)
  An adder skeleton (D:4)
  An iguana skeleton (D:8)
  17 ufetubi
  24 worms
  A bat skeleton (Crypt:1)
  3 giant eyeballs
  8 giant geckos
  3 oozes
  An orc (shapeshifter) (D:26)
  197 orcs
  9 ball pythons
  24 bats
  17 goblins
  4 grey rats (D:19)
  23 hobgoblins
  A human (shapeshifter) (Vaults:8)
  33 kobolds
  A bat (shapeshifter) (D:25)
  9 giant cockroaches
  5 giant newts
  A giant spore (D:8)
  2 human zombies (D:19)
  20 jackals
  A kobold (shapeshifter) (Vaults:8)
  3 orc skeletons
  An orc zombie (Crypt:1)
  15 quokkas
  27 rats
  A rat skeleton (Crypt:1)
  2 fungi
  5 plants
  13 toadstools
2624 creatures vanquished.

Vanquished Creatures (others)
  2 ancient liches
  2 liches
  A tentacled monstrosity (D:26)
  3 shadow dragons (Vaults:8)
  A titan (Vaults:8)
  A storm dragon (Vaults:8)
  2 sphinxes
  Roxanne (D:14)
  2 balrugs
  2 frost giants
  11 stone giants
  A cacodemon (Zot:5)
  A greater naga (Snake:5)
  5 deep elf annihilators (D:19)
  3 green deaths
  4 yaktaur captains
  2 spriggan air magi (D:19)
  A deep elf death mage (Vaults:8)
  An ettin (Orc:4)
  A salamander (Snake:5)
  25 vault guards
  A great orb of eyes (Vaults:6)
  A hydra (Swamp:5)
  Harold (D:14)
  3 anaconda zombies (Snake:5)
  An ice dragon (Vaults:4)
  An anaconda skeleton (Snake:5)
  2 deep elf demonologists
  An alligator (Snake:5)
  5 anacondas (Snake:5)
  5 ogre magi
  5 stone giant zombies
  A deep troll (shapeshifter) (Vaults:8)
  A centaur warrior (D:16)
  A shadow dragon skeleton (Zot:5)
  A frost giant zombie (Vaults:8)
  A very ugly thing (D:26)
  A stone giant skeleton (D:24)
  3 iron trolls
  A fire giant skeleton (Vaults:4)
  A sun demon (Vaults:7)
  The ghost of newuser the Summoner, an experienced SESu of Sif Muna (D:10)
  3 ice devils
  A wizard (D:19)
  2 giant orange brains
  10 skeletal warriors
  A flayed ghost (D:25)
  3 naga warriors (Snake:5)
  The ghost of btt the Thaumaturge, an experienced DEWz of Sif Muna (Orc:3)
  5 statues (D:19)
  22 large abominations
  An unseen horror (Snake:5)
  A hill giant (Orc:4)
  A yaktaur zombie (Vaults:8)
  A shadow demon (D:21)
  4 orc knights
  A flaming corpse (Lair:8)
  A hellion (Vaults:8)
  2 phantasmal warriors (D:26)
  2 spiny worms (Lair:8)
  5 guardian serpents (Snake:5)
  17 black mambas
  3 cyclopes
  2 moths of wrath (Zot:5)
  2 griffon zombies
  An elephant slug (Lair:8)
  5 elephants
  2 sixfirhies
  2 ettin skeletons (Vaults:8)
  8 spiny frogs
  2 humans (D:19)
  2 black mamba zombies (Snake:5)
  3 yaktaurs (D:19)
  3 rock trolls
  5 naga magi (Snake:5)
  A mermaid (shapeshifter) (Vaults:8)
  12 ugly things
  15 orange demons
  An efreet (Snake:5)
  2 deep dwarf scions
  A black mamba skeleton (Snake:5)
  11 hellwings
  A hill giant skeleton (D:14)
  2 demonic crawlers
  10 smoke demons
  12 human zombies
  7 trolls (Orc:4)
  9 two-headed ogres
  A bog body (Swamp:4)
  2 air elementals
  5 blink frogs (Lair:8)
  3 blink frog zombies (Lair:8)
  2 octopodes
  2 chaos spawn
  12 neqoxecs
  2 elephant zombies (Lair:8)
  2 deep elf conjurers (D:19)
  2 yaks
  4 fire vortices (D:19)
  A clay golem (Snake:5)
  A trapdoor spider (shapeshifter) (Vaults:8)
  A wood golem (D:19)
  6 vampire mosquitoes
  4 redbacks (Vaults:8)
  9 ynoxinuls
  2 rock worms (Lair:8)
  A soldier ant (shapeshifter) (Vaults:8)
  A mottled dragon (D:11)
  A cyclops zombie (Orc:4)
  5 freezing wraiths
  2 ice beasts
  3 hell hounds (Elf:1)
  A sky beast (Orc:1)
  31 small abominations
  A soldier ant (Lair:3)
  A bumblebee zombie (Vaults:8)
  5 orc warriors
  7 centaurs
  3 troll zombies (Orc:4)
  6 nagas
  15 ogres
  A hippogriff zombie (D:12)
  A giant goldfish (Lair:8)
  3 water moccasins
  A crocodile (Lair:8)
  A giant slug (D:16)
  6 giant frogs
  3 two-headed ogre zombies
  An insubstantial wisp (Swamp:1)
  A big kobold (D:16)
  A water moccasin zombie (Snake:5)
  A giant frog skeleton (Lair:8)
  2 giant frog zombies (Lair:8)
  4 wights
  3 eyes of draining
  An electric eel (Lair:8)
  A goliath beetle (D:13)
  4 ogre zombies (Orc:4)
  A big fish (D:12)
  A lava snake (Snake:5)
  7 quasits
  6 crimson imps
  An orc priest (Orc:3)
  8 naga zombies (Snake:5)
  22 iron imps
  3 orc wizards
  2 deep elf soldiers (Elf:1)
  A naga skeleton (Snake:5)
  A steam dragon skeleton (Lair:8)
  A jelly (Zot:5)
  A gnoll (Orc:4)
  3 adders
  A gnoll (shapeshifter) (Vaults:8)
  3 green rats
  22 lemures
  A giant mite (Lair:8)
  An iguana zombie (Vaults:8)
  3 shadow imps
  26 white imps
  A worm (Lair:8)
  An iguana simulacrum (D:26)
  60 ufetubi
  13 orcs
  4 kobolds
  A giant newt zombie (D:26)
  4 illusory rakshasas
  A ballistomycete (D:8)
  12 fungi
  15 plants
  39 toadstools
763 creatures vanquished.

Grand Total: 3387 creatures vanquished

Notes
Turn   | Place    | Note
--------------------------------------------------------------
     0 | Abyss    | 78291, the Vampire Abyssal Knight, began the quest for the Orb.
     0 | Abyss    | Reached XP level 1. HP: 16/16 MP: 2/2
    26 | D:1      | You pass through the gate.
    26 | D:1      | Escaped the Abyss.
   324 | D:1      | Reached skill level 3 in Short Blades
   383 | D:1      | Reached XP level 2. HP: 20/22 MP: 3/3
   864 | D:1      | Acquired Lugonu's second power
   962 | D:2      | Reached skill level 4 in Short Blades
   962 | D:2      | Reached XP level 3. HP: 22/27 MP: 4/4
  1108 | D:2      | Reached skill level 1 in Stealth
  1149 | D:2      | Found a radiant altar of Vehumet.
  1331 | D:2      | Found a blossoming altar of Fedhas.
  1877 | D:2      | Found a shimmering altar of Xom.
  1924 | D:2      | Reached XP level 4. HP: 28/34 MP: 6/6
  1984 | D:2      | Reached skill level 1 in Stabbing
  2050 | D:2      | Acquired Lugonu's third power
  2956 | D:3      | Found a deep blue altar of Sif Muna.
  2995 | D:3      | Noticed Terence
  3005 | D:3      | why
  3425 | D:3      | Learned a level 1 spell: Fulsome Distillation
  3485 | D:3      | Banished Terence
  3485 | D:3      | Reached XP level 5. HP: 27/39 MP: 7/7
  4070 | D:4      | Noticed an ogre
  4178 | D:4      | Noticed an ogre
  4256 | D:4      | Reached skill level 1 in Spellcasting
  4369 | D:3      | Learned a level 2 spell: Evaporate
  4406 | D:4      | Killed an ogre
  4406 | D:4      | Reached XP level 6. HP: 18/45 MP: 4/8
  4967 | D:4      | Reached skill level 5 in Stealth
  5207 | D:4      | Reached skill level 6 in Stealth
  5867 | D:4      | Learned a level 3 spell: Passwall
  5874 | D:5      | Entered Level 5 of the Dungeon
  6105 | D:5      | Found Horef's Antique Armour Emporium.
  6110 | D:5      | Bought a pair of smoking gloves for 148 gold pieces
  6250 | D:5      | Reached XP level 7. HP: 32/51 MP: 10/10
  6253 | D:5      | Acquired Lugonu's fourth power
  6277 | D:5      | Reached skill level 5 in Stabbing
  7117 | D:6      | Found a white marble altar of Elyvilon.
  7125 | D:6      | Found a staircase to the Ecumenical Temple.
  7188 | Temple   | Entered the Ecumenical Temple
  7204 | Temple   | Identified the +0 pair of gloves of Kleptomania (You bought it in a shop on level 5 of the Dungeon)
  8264 | D:6      | Found a burning altar of Makhleb.
  8277 | D:6      | Reached XP level 8. HP: 53/57 MP: 15/15
  8383 | D:6      | Reached skill level 7 in Stealth
  8894 | D:7      | Reached skill level 8 in Stealth
  9234 | D:7      | Reached skill level 5 in Transmutations
  9363 | D:7      | Found a glowing silver altar of Zin.
  9365 | D:7      | Noticed an oklob plant
 10055 | D:7      | Reached XP level 9. HP: 59/62 MP: 17/17
 10776 | D:8      | Noticed a slime creature
 10782 | D:8      | Found Lankukhu's Book Shoppe.
 10824 | D:8      | Found an ancient bone altar of Kikubaaqudgha.
 10930 | D:8      | Reached skill level 9 in Stealth
 11452 | D:8      | Acquired Lugonu's fifth power
 11500 | D:8      | Reached skill level 10 in Stealth
 12735 | D:9      | You fall through a shaft!
 12744 | D:10     | Entered Level 10 of the Dungeon
 12747 | D:10     | Reached skill level 5 in Dodging
 13443 | D:9      | Reached skill level 5 in Short Blades
 13502 | D:9      | Found a flagged portal.
 13519 | D:9      | Reached XP level 10. HP: 56/69 MP: 15/18
 13525 | D:9      | Got a steaming spear
 13528 | Bailey   | Entered a bailey
 13528 | Bailey   | Noticed an orc knight
 13630 | Bailey   | Killed an orc knight
 14444 | D:10     | Found Buyplas' Antique Weapon Emporium.
 14580 | D:10     | Noticed newuser's ghost (experienced SESu)
 14581 | D:10     | Banished newuser's ghost
 14836 | D:10     | Identified the +0,+1 spear of Poverty (You found it on level 9 of the Dungeon)
 15055 | D:10     | Reached skill level 11 in Stealth
 16155 | D:11     | Found a staircase to the Orcish Mines.
 16156 | D:11     | Found Quydgh's Weapon Shop.
 16163 | D:11     | Noticed an orc knight
 16164 | D:11     | nice orc knight
 16193 | D:11     | Noticed an orc knight
 16223 | D:11     | Killed an orc knight
 16223 | D:11     | Reached skill level 5 in Spellcasting
 16578 | D:11     | Reached skill level 5 in Invocations
 16986 | D:11     | Reached XP level 11. HP: 57/74 MP: 22/22
 17066 | D:11     | Banished an orc knight
 18387 | D:5      | Bought a jewelled helmet for 180 gold pieces
 18391 | D:5      | Identified the +4 helmet "Illob" (You bought it in a shop on level 5 of the Dungeon)
 18947 | D:12     | Reached skill level 1 in Earth Magic
 19010 | D:12     | Found a white marble altar of Elyvilon.
 20750 | D:12     | Found Osaukax's Assorted Antiques.
 20760 | D:12     | Bought a scroll of recharging for 159 gold pieces
 20760 | D:12     | Bought a scroll of teleportation for 87 gold pieces
 20841 | D:12     | Reached skill level 5 in Earth Magic
 21908 | D:12     | Found a staircase to the Lair.
 21917 | Lair:1   | Entered Level 1 of the Lair of Beasts
 22006 | Lair:1   | Learned a level 4 spell: Petrify
 22382 | Lair:1   | Learned a level 4 spell: Dig
 23974 | Lair:2   | Noticed Erica
 23997 | Lair:2   | Killed Erica
 24618 | Lair:3   | Found a staircase to the Swamp.
 24982 | Lair:3   | Found a hole to the Spider Nest.
 25713 | Lair:3   | Reached XP level 12. HP: 78/80 MP: 19/26
 26543 | Lair:3   | the hole to the Spider Nest was a mimic.
 28165 | Lair:4   | Found a staircase to the Swamp.
 28904 | Lair:3   | whyyy
 29419 | Temple   | Corrupted Temple
 29419 | Temple   | Noticed a cacodemon
 29419 | Temple   | Noticed an angel
 29421 | Temple   | Identified a +4,+4 orcish dagger of distortion (a +2,+3 orcish dagger of stabbing corrupted by Lugonu)
 29422 | Temple   | probably I just switched out one problem for another
 29709 | D:12     | oh right, petrify stabbing is bad so everything will blink away
 29793 | Lair:3   | Reached skill level 10 in Spellcasting
 30229 | Lair:4   | Noticed an eight-headed hydra
 30324 | Lair:4   | Killed an eight-headed hydra
 30324 | Lair:4   | Reached skill level 12 in Stealth
 30483 | Lair:4   | Noticed a death yak
 30500 | Lair:4   | Noticed a death yak
 30502 | Lair:4   | Noticed a death yak
 30507 | Lair:4   | Killed a death yak
 30507 | Lair:4   | Reached skill level 13 in Stealth
 30510 | Lair:4   | Killed a death yak
 30510 | Lair:4   | Reached skill level 14 in Stealth
 30515 | Lair:4   | Killed a death yak
 30607 | Lair:4   | the staircase to the Swamp was a mimic.
 30825 | Lair:5   | Reached skill level 15 in Stealth
 31713 | Lair:5   | Found a staircase to the Snake Pit.
 31753 | Lair:5   | Reached skill level 5 in Fighting
 32240 | Lair:5   | Identified a scroll of acquirement
 32396 | Lair:5   | Reached XP level 13. HP: 82/91 MP: 25/30
 33638 | Lair:7   | Found a viscous altar of Jiyva.
 33668 | Lair:7   | Found a staircase to the Slime Pits.
 34086 | Lair:8   | Entered Level 8 of the Lair of Beasts
 34093 | Lair:7   | Reached skill level 10 in Dodging
 34705 | Lair:8   | Corrupted Lair:8
 35578 | Lair:8   | Reached skill level 1 in Evocations
 37510 | Lair:8   | Reached skill level 10 in Invocations
 38014 | Lair:8   | Reached skill level 1 in Shields
 38041 | Lair:8   | woooooooooo
 38044 | Lair:8   | Learned a level 2 spell: Ensorcelled Hibernation
 39021 | D:13     | Reached skill level 5 in Shields
 39143 | D:13     | Reached skill level 1 in Hexes
 39269 | D:13     | Reached XP level 14. HP: 98/98 MP: 26/31
 39404 | D:13     | Reached skill level 5 in Hexes
 40218 | D:14     | Entered Level 14 of the Dungeon
 40282 | D:14     | Learned a level 6 spell: Invisibility
 40318 | D:14     | Noticed Rupert
 40318 | D:14     | Noticed Aizul
 40349 | D:14     | Noticed Roxanne
 40637 | D:14     | Banished Aizul
 40637 | D:14     | Reached skill level 10 in Hexes
 40822 | D:14     | Noticed Nikola
 41545 | Orc:1    | Entered Level 1 of the Orcish Mines
 41859 | Orc:1    | Found Bowahoxa's Antique Weapon Emporium.
 42143 | Orc:2    | Noticed Fannar
 42163 | Orc:2    | Killed Fannar
 42313 | Orc:2    | Reached skill level 10 in Stabbing
 42687 | Orc:3    | Noticed Grum
 42712 | Orc:3    | Killed Grum
 42994 | Orc:4    | Entered Level 4 of the Orcish Mines
 43109 | Orc:4    | Found a bloodstained altar of Trog.
 43311 | Orc:4    | Found Etyleym's Book Emporium.
 43354 | Orc:3    | Noticed btt's ghost (experienced DEWz)
 43356 | Orc:3    | Banished btt's ghost
 43515 | Orc:3    | Found Ommiv's Antique Armour Shop.
 44084 | Orc:3    | Found a staircase to the Elven Halls.
 44084 | Orc:3    | Noticed Donald
 44084 | Orc:3    | Noticed Nergalle
 44089 | Orc:3    | Killed Nergalle
 44092 | Orc:3    | Killed Donald
 44455 | Orc:2    | Found Khefunea's Antique Weapon Boutique.
 44519 | Orc:2    | Found a shimmering altar of Xom.
 44684 | Orc:4    | Found Frau's Book Boutique.
 44685 | Orc:4    | Found Suguopn's Food Shop.
 44693 | Orc:4    | Found Khaast's Weapon Shoppe.
 44696 | Orc:4    | Corrupted Orc:4
 44794 | Orc:4    | Found Ycimiq's Weapon Shop.
 44821 | Orc:4    | best shops
 45490 | Lair:2   | Learned a level 3 spell: Confuse
 46648 | D:14     | Corrupted D:14
 46661 | D:14     | Noticed a bone dragon
 46667 | D:14     | Killed Harold
 46695 | D:14     | Killed Roxanne
 46711 | D:14     | Noticed a profane servitor
 46775 | D:14     | Got a glistering book
 46776 | D:14     | Identified Roxanne's Papyrus of Ashen Transmutation (You found it on level 14 of the Dungeon)
 47387 | D:14     | die already
 47601 | D:14     | why
 47846 | D:15     | Entered Level 15 of the Dungeon
 47868 | D:15     | Noticed Snorg
 48046 | D:15     | Killed Snorg
 48461 | D:15     | Reached skill level 1 in Traps & Doors
 48461 | D:15     | Reached XP level 15. HP: 98/104 MP: 26/32
 48479 | D:15     | hi
 48626 | D:15     | Found Sovoj's Armour Shop.
 48929 | D:16     | well why is that there
 48935 | D:16     | it's following me
 49116 | D:16     | Found a staircase to the Vaults.
 49149 | D:16     | Reached skill level 5 in Traps & Doors
 49884 | D:17     | Learned a level 2 spell: Repel Missiles
 49887 | D:17     | Learned a level 2 spell: Swiftness
 49894 | D:17     | Learned a level 3 spell: Flight
 50112 | D:17     | Noticed Agnes
 50162 | D:16     | Reached skill level 1 in Ice Magic
 50824 | D:17     | Banished Agnes
 51099 | D:17     | Noticed Kirke
 51186 | D:17     | well that didn't work
 51324 | D:17     | Killed Kirke
 51324 | D:17     | Reached skill level 5 in Ice Magic
 52040 | D:16     | Found Osoimni's Book Shop.
 52863 | D:18     | Reached XP level 16. HP: 111/111 MP: 33/33
 53049 | Vaults:1 | Entered Level 1 of the Vaults
 53082 | Vaults:1 | Found a deep blue altar of Sif Muna.
 53700 | Vaults:1 | Reached skill level 15 in Stabbing
 54234 | Vaults:2 | Found a staircase to the Crypt.
 54248 | Vaults:2 | ok
 54590 | Vaults:2 | Found a portal to a secret trove of treasure.
 54597 | Vaults:2 | oh right
 55294 | Vaults:3 | Found Suumic Igak's Food Shop.
 55915 | D:12     | Bought a scroll of amnesia for 159 gold pieces
 56135 | Elf:1    | Entered Level 1 of the Elven Halls
 56367 | Elf:1    | Reached skill level 15 in Hexes
 56732 | Elf:1    | Noticed Azrael
 56755 | Elf:1    | Killed Azrael
 56772 | Elf:1    | Reached skill level 16 in Stealth
 57004 | Elf:1    | Paralysed by you for 7 turns
 57799 | Elf:2    | ow
 58106 | Elf:2    | Learned a level 2 spell: Blink
 58108 | Elf:2    | Learned a level 1 spell: Apportation
 58418 | Elf:2    | Reached skill level 17 in Stealth
 59316 | Vaults:4 | Found a staircase to the Hall of Blades.
 59524 | Vaults:4 | Reached skill level 18 in Stealth
 59524 | Vaults:4 | Reached XP level 17. HP: 117/117 MP: 29/33
 59985 | Vaults:4 | worst monster
 60528 | Vaults:4 | Reached skill level 1 in Charms
 60562 | Vaults:4 | Reached skill level 5 in Charms
 61501 | Vaults:4 | Noticed a frost giant
 61520 | Vaults:4 | Banished a frost giant
 61521 | Vaults:4 | well apparently banishment is noisy
 61645 | Vaults:4 | Reached skill level 1 in Translocations
 61944 | Vaults:4 | Noticed a titan
 62408 | Vaults:5 | Found Botyrog's Antique Weapon Boutique.
 62686 | Vaults:5 | Found Buypnung's Armour Shop.
 63015 | Vaults:5 | Reached XP level 18. HP: 125/125 MP: 30/35
 63878 | Vaults:6 | Reached skill level 19 in Stealth
 63908 | Vaults:6 | Noticed a tentacled monstrosity
 65166 | Vaults:6 | Reached skill level 20 in Stealth
 65659 | Vaults:6 | Reached skill level 21 in Stealth
 66566 | Vaults:6 | Noticed a storm dragon
 66572 | Vaults:6 | Noticed a shadow dragon
 66578 | Vaults:6 | Killed a storm dragon
 66591 | Vaults:6 | Reached skill level 22 in Stealth
 66634 | Vaults:6 | Gained mutation: You are agile (Dex +1). [potion of gain dexterity]
 67412 | D:19     | Found a labyrinth entrance.
 67427 | Lab      | Entered a labyrinth
 67736 | Lab      | Got an engraved book
 67736 | Lab      | Got an inconspicuous book
 67738 | Lab      | Identified the Disquisition on the Doomed Entourage (You found it in a labyrinth)
 67738 | Lab      | Identified the Tome of Confrontation and the Blaze (You found it in a labyrinth)
 67740 | Lab      | Learned a level 1 spell: Summon Butterflies
 68626 | D:19     | Reached XP level 19. HP: 105/131 MP: 27/36
 68635 | D:19     | Found a staircase to the Vaults.
 68883 | D:19     | the staircase to the Vaults was a mimic.
 69824 | D:19     | Found a radiant altar of Vehumet.
 69874 | D:19     | Corrupted D:19
 69875 | D:19     | Noticed a lich
 69941 | D:19     | Killed a lich
 70876 | D:19     | go away
 71058 | D:20     | Entered Level 20 of the Dungeon
 73658 | D:21     | Found a gateway to Hell.
 73889 | D:21     | Noticed Margery
 74976 | Snake:1  | Entered Level 1 of the Snake Pit
 75038 | Snake:1  | Found a shimmering altar of Xom.
 76208 | Snake:2  | Cast into the Abyss (a Zot trap)
 76212 | Snake:2  | You pass through the gate.
 76212 | Snake:2  | Escaped the Abyss.
 76213 | Snake:2  | Found a shimmering altar of Xom.
 76537 | Snake:3  | Found a shattered altar of Ashenzari.
 76633 | Snake:3  | Reached XP level 20. HP: 142/142 MP: 30/37
 78109 | Snake:5  | Entered Level 5 of the Snake Pit
 78638 | Snake:5  | Reached skill level 10 in Fighting
 78727 | Snake:5  | Reached skill level 1 in Summonings
 79675 | Snake:5  | Corrupted Snake:5
 79676 | Snake:5  | good corruption
 79683 | Snake:5  | oh I guess it did work
 79758 | Snake:5  | Got a serpentine rune of Zot
 79764 | Snake:5  | Reached skill level 10 in Charms
 80305 | Crypt:1  | Entered Level 1 of the Crypt
 80527 | Crypt:1  | Noticed Mara
 82213 | Vaults:7 | Reached skill level 23 in Stealth
 83348 | Swamp:1  | Entered Level 1 of the Swamp
 85412 | Swamp:3  | Reached XP level 21. HP: 152/152 MP: 38/38
 86521 | Swamp:4  | Reached skill level 15 in Dodging
 86863 | Swamp:5  | Entered Level 5 of the Swamp
 87306 | Swamp:5  | Noticed Mennas
 87399 | Swamp:5  | Got a decaying rune of Zot
 87687 | Swamp:5  | Noticed the 27-headed Lernaean hydra
 87690 | Swamp:5  | Killed the 27-headed Lernaean hydra
 88148 | Blade    | Entered the Hall of Blades
 88150 | Blade    | Noticed Xtahua
 88151 | Blade    | Noticed Wiglaf
 88160 | Blade    | Killed Wiglaf
 89289 | D:22     | Found a one-way gate to the infinite horrors of the Abyss.
 91171 | D:23     | Found a one-way gate leading to the halls of Pandemonium.
 91564 | D:24     | Reached XP level 22. HP: 168/168 MP: 36/38
 91698 | D:24     | Reached skill level 24 in Stealth
 92076 | D:24     | Found a shattered altar of Ashenzari.
 92359 | D:25     | Entered Level 25 of the Dungeon
 92443 | D:25     | Reached skill level 25 in Stealth
 93799 | D:25     | Reached skill level 26 in Stealth
 93980 | D:26     | Got a shimmering shield
 93981 | D:26     | Identified the +1 shield "Iwkot" (You found it on level 26 of the Dungeon)
 94400 | D:26     | Corrupted D:26
 94691 | D:26     | Reached skill level 27 in Stealth
 94918 | D:26     | Learned a level 3 spell: Regeneration
 95652 | D:26     | Reached skill level 15 in Invocations
 95652 | D:26     | Reached XP level 23. HP: 175/175 MP: 36/39
 96041 | D:27     | Entered Level 27 of the Dungeon
 96196 | D:27     | Found a flickering gateway to a bazaar.
 96202 | Bazaar   | Entered a bazaar
 96202 | Bazaar   | Found Isapitt's Food Emporium.
 96202 | Bazaar   | Found Ypluzaog's General Store.
 96203 | Bazaar   | Found Hetel's Food Emporium.
 97846 | D:22     | Voluntarily entered the Abyss.
 97947 | Abyss    | Paralysed by a giant eyeball for 2 turns
 98206 | Abyss    | Found a corrupted altar of Lugonu.
 98484 | Abyss    | Killed Terence
 98963 | Abyss    | Found a corrupted altar of Lugonu.
 99208 | Abyss    | Got an abyssal rune of Zot
 99218 | D:22     | You pass through the gate.
 99218 | D:22     | Escaped the Abyss.
 99869 | Vaults:8 | Entered Level 8 of the Vaults
 99871 | Vaults:8 | Corrupted Vaults:8
 99891 | Vaults:8 | Killed an ancient lich
100629 | Vaults:8 | Got a silver rune of Zot
101339 | Vaults:8 | Got a sparkling amber ring
101543 | Vaults:8 | go away
101681 | Vaults:8 | Identified the ring of Nasameuph (You found it on level 8 of the Vaults)
102231 | Lair:2   | Learned a level 4 spell: Control Teleport
102239 | Lair:2   | Learned a level 6 spell: Haste
102611 | Vaults:8 | Reached XP level 24. HP: 182/182 MP: 35/39
102640 | Vaults:8 | Got a smoking leather armour
102845 | Vaults:8 | Got a levitating book
102846 | Vaults:8 | Identified the Guide on Torrid Envenoming (You found it on level 8 of the Vaults)
103140 | Lair:2   | Identified the +1 leather armour "Thuix" (You found it on level 8 of the Vaults)
103141 | Lair:2   | well it is rF I guess
103793 | Zot:1    | Entered Level 1 of the Realm of Zot
104396 | Zot:5    | Entered Level 5 of the Realm of Zot
105341 | Elf:3    | Entered Level 3 of the Elven Halls
106505 | Zot:5    | Noticed an ancient lich
106505 | Zot:5    | Noticed a Killer Klown
106505 | Zot:5    | Noticed an ancient lich
106505 | Zot:5    | Noticed an ancient lich
106506 | Zot:5    | Noticed an electric golem
106509 | Zot:5    | Noticed an orb of fire
106511 | Zot:5    | Corrupted Zot:5
106512 | Zot:5    | Noticed a golden dragon
106514 | Zot:5    | Noticed an orb of fire
106748 | Zot:5    | You pass through the gate.
106748 | Zot:5    | Escaped the Abyss.
106761 | Zot:5    | Got the Orb of Zot
106766 | Zot:5    | Noticed an ancient lich
106800 | Zot:5    | Killed an ancient lich
106934 | Zot:3    | Noticed Goaviujo the pandemonium lord
107065 | D:26     | Noticed Famih the pandemonium lord
107894 | D:$      | Escaped with the Orb!

Action                   |  1- 3 |  4- 6 |  7- 9 | 10-12 | 13-15 | 16-18 | 19-21 | 22-24 || total
-------------------------+-------+-------+-------+-------+-------+-------+-------+-------++-------
Melee: Short sword       |   122 |   239 |    48 |       |       |       |       |       ||   409
       Dagger            |       |    33 |   744 |  2191 |  1556 |   889 |  1240 |   618 ||  7271
 Cast: Fulsome Distillat |       |     2 |    23 |    34 |       |       |       |       ||    59
       Evaporate         |       |     1 |    24 |    30 |     4 |       |       |       ||    59
       Passwall          |       |     1 |     6 |    20 |    26 |     2 |    17 |    18 ||    90
       Petrify           |       |       |       |   117 |    81 |       |       |       ||   198
       Dig               |       |       |       |     4 |    30 |     8 |    30 |    49 ||   121
       Ensorcelled Hiber |       |       |       |       |   169 |   176 |   475 |   175 ||   995
       Invisibility      |       |       |       |       |    21 |    45 |    45 |    38 ||   149
       Confuse           |       |       |       |       |    30 |    68 |    89 |    33 ||   220
       Flight            |       |       |       |       |    10 |     2 |    36 |    27 ||    75
       Swiftness         |       |       |       |       |       |     9 |     2 |    40 ||    51
       Repel Missiles    |       |       |       |       |       |     6 |    14 |    21 ||    41
       Apportation       |       |       |       |       |       |       |     1 |     4 ||     5
       Regeneration      |       |       |       |       |       |       |       |    41 ||    41
       Control Teleport  |       |       |       |       |       |       |       |     2 ||     2
       Haste             |       |       |       |       |       |       |       |     6 ||     6
       Blink             |       |       |       |       |       |       |       |     1 ||     1
Invok: Banish            |       |     2 |     2 |    14 |    11 |     4 |     4 |    14 ||    51
       Bend Space        |       |       |       |     3 |       |     7 |     1 |     7 ||    18
       Corrupt           |       |       |       |     1 |     3 |       |     2 |     3 ||     9
       Depart the Abyss  |       |       |       |       |       |       |     1 |     2 ||     3
       Enter the Abyss   |       |       |       |       |       |       |       |     1 ||     1
 Abil: End Transformatio |     1 |     1 |       |     3 |       |       |       |     1 ||     6
       Bat Form          |     1 |     1 |       |     3 |       |       |       |     1 ||     6
       Bottle Blood      |       |       |     7 |    14 |    13 |    11 |    20 |    16 ||    81
       Evoke Teleportati |       |       |       |       |       |       |       |     2 ||     2
Evoke: Wand              |       |       |     8 |    25 |    17 |    13 |     4 |     9 ||    76
  Use: Potion            |       |     3 |    11 |    20 |    19 |    20 |    25 |    34 ||   132
       Scroll            |       |       |    23 |    22 |    11 |    16 |    25 |    34 ||   131

Action                   |  1- 3 |  4- 6 |  7- 9 | 10-12 | 13-15 | 16-18 | 19-21 | 22-24 || total
-------------------------+-------+-------+-------+-------+-------+-------+-------+-------++-------
Melee: Short sword       |   122 |   239 |    48 |       |       |       |       |       ||   409
       Dagger            |       |    33 |   744 |  2191 |  1556 |   889 |  1240 |   618 ||  7271
 Cast: Fulsome Distillat |       |     2 |    23 |    34 |       |       |       |       ||    59
       Evaporate         |       |     1 |    24 |    30 |     4 |       |       |       ||    59
       Passwall          |       |     1 |     6 |    20 |    26 |     2 |    17 |    18 ||    90
       Petrify           |       |       |       |   117 |    81 |       |       |       ||   198
       Dig               |       |       |       |     4 |    30 |     8 |    30 |    49 ||   121
       Ensorcelled Hiber |       |       |       |       |   169 |   176 |   475 |   175 ||   995
       Invisibility      |       |       |       |       |    21 |    45 |    45 |    38 ||   149
       Confuse           |       |       |       |       |    30 |    68 |    89 |    33 ||   220
       Flight            |       |       |       |       |    10 |     2 |    36 |    27 ||    75
       Swiftness         |       |       |       |       |       |     9 |     2 |    40 ||    51
       Repel Missiles    |       |       |       |       |       |     6 |    14 |    21 ||    41
       Apportation       |       |       |       |       |       |       |     1 |     4 ||     5
       Regeneration      |       |       |       |       |       |       |       |    41 ||    41
       Control Teleport  |       |       |       |       |       |       |       |     2 ||     2
       Haste             |       |       |       |       |       |       |       |     6 ||     6
       Blink             |       |       |       |       |       |       |       |     1 ||     1
Invok: Banish            |       |     2 |     2 |    14 |    11 |     4 |     4 |    14 ||    51
       Bend Space        |       |       |       |     3 |       |     7 |     1 |     7 ||    18
       Corrupt           |       |       |       |     1 |     3 |       |     2 |     3 ||     9
       Depart the Abyss  |       |       |       |       |       |       |     1 |     2 ||     3
       Enter the Abyss   |       |       |       |       |       |       |       |     1 ||     1
 Abil: End Transformatio |     1 |     1 |       |     3 |       |       |       |     1 ||     6
       Bat Form          |     1 |     1 |       |     3 |       |       |       |     1 ||     6
       Bottle Blood      |       |       |     7 |    14 |    13 |    11 |    20 |    16 ||    81
       Evoke Teleportati |       |       |       |       |       |       |       |     2 ||     2
Evoke: Wand              |       |       |     8 |    25 |    17 |    13 |     4 |     9 ||    76
  Use: Potion            |       |     3 |    11 |    20 |    19 |    20 |    25 |    34 ||   132
       Scroll            |       |       |    23 |    22 |    11 |    16 |    25 |    34 ||   131
